Cogmind - Beta 17 @@@ ROGUE MODE // 2026.08.14 @ 19:10:51 Player: 4R-ZE3 Result: Self-destructed Performance ------------- Evolutions (3) 1500 Regions Visited (11) 2200 Robots Destroyed (139) 695 Value Destroyed (4979) 4979 Prototype IDs (27) 540 Alien Tech Used (0) 0 Bonus (2350) 2350 TOTAL SCORE: 12264 Bonus ------- High Alert Combat Kills 969 Follower Combat Kills 181 Entered Garrisons 400 Used RIF Installer 500 Aligned with FarCom 300 Cogmind --------- Core Integrity 617/700 Matter 300/300 Energy 257/265 System Corruption 0% Temperature Cool (35) Movement Core (1550) Ox30 Location -7/Garrison Parts ------- > --- POWER (2) -------- Reinforced Ion Engine > --- PROPULSION (2) --- (None) > --- UTILITY (7) ------ Improved Heat Sink Huge Storage Unit Relay Coupler [NC] (28) Relay Coupler [Swarmer] (35) > --- WEAPON (2) ------- Improved Datajack > --- INVENTORY (25) --- Cooled Ion Engine Improved Heat Sink Improved Heat Sink Huge Storage Unit Superbattery (1500) Light Armor Plating Layered Light Armor Plating Reflective Plating Relay Coupler [Swarmer] (32) Relay Coupler [Sentry] (24) Relay Coupler [Hunter] (19) Relay Coupler [Hunter] (21) Relay Coupler [Heavy] (18) Heavy Particle Gun Heavy Particle Cannon Plasma Cannon Plasma Cannon Rocket Launcher Rocket Launcher Improved Datajack Peak State ------------ > --- POWER ------------ Cooled Ion Engine > --- PROPULSION ------- Armored Treads Armored Treads > --- UTILITY ---------- Improved Heat Sink Improved Heat Sink Huge Storage Unit Hardened Heavy Armor Plating Hardlight Generator > --- WEAPON ----------- Plasma Cannon Plasma Cannon > --- INVENTORY -------- Cooled Ion Engine Wheel Wheel Improved Heat Sink Superbattery Target Analyzer Light Armor Plating Hardened Medium Armor Plating Hardened Heavy Armor Plating Layered Light Armor Plating Relay Coupler [Swarmer] Relay Coupler [Swarmer] Relay Coupler [Grunt] Relay Coupler [Grunt] Relay Coupler [Hunter] Relay Coupler [Hunter] Relay Coupler [Hunter] Relay Coupler [Heavy] Beamcaster Particle Cannon Plasma Cannon Rocket Launcher Rocket Launcher Improved Datajack [Rating: 43] Favorites ----------- Power Cooled Ion Engine Engine Cooled Ion Engine Power Core Light Nuclear Core Propulsion Wheel Treads Armored Treads Wheel Wheel Utility Improved Heat Sink Device Improved Heat Sink Storage Huge Storage Unit Processor Targeting Computer Hackware Relay Coupler [NC] Protection Hardened Heavy Armor Plating Weapon Plasma Cannon Energy Gun Small Laser Energy Cannon Plasma Cannon Ballistic Gun Enhanced Autogun Launcher Rocket Launcher Special Melee Weapon Improved Datajack Build | -11 -10 -10 -9 -9 -9 -8 -8 -8 -8 -7 -7 ------- Run | Yrd Mat Min Mat Min Exi Min Mat Gar Mat Fac Gar Slots Evolved 6 | . . . 2 . . . 2 . . 2 . Power 1 | . . . . . . . . . . 1 . Propulsion . | . . . . . . . . . . . . Utility 5 | . . . 2 . . . 2 . . 1 . Weapon . | . . . . . . . . . . . . Parts Attached 81 | 8 8 2 7 2 . 3 14 18 11 2 6 Power 10 | 1 1 1 . 1 . . 2 2 1 1 . Engine 7 | 1 . 1 . 1 . . 1 1 1 1 . Core 3 | . 1 . . . . . 1 1 . . . Reactor . | . . . . . . . . . . . . Propulsion 24 | 4 2 . 2 1 . 2 3 3 4 1 2 Treads 9 | 2 1 . 2 . . 2 . . 2 . . Leg . | . . . . . . . . . . . . Wheel 15 | 2 1 . . 1 . . 3 3 2 1 2 Hover . | . . . . . . . . . . . . Flight . | . . . . . . . . . . . . Utility 29 | 1 3 . 3 . . . 6 8 5 . 3 Device 11 | . 2 . . . . . 2 5 2 . . Storage 4 | 1 1 . 1 . . . . . 1 . . Processor 2 | . . . 1 . . . 1 . . . . Hackware 4 | . . . . . . . . . 1 . 3 Protection 8 | . . . 1 . . . 3 3 1 . . Artifact . | . . . . . . . . . . . . Weapon 18 | 2 2 1 2 . . 1 3 5 1 . 1 Energy Gun 3 | . 2 1 . . . . . . . . . Energy Cannon 6 | . . . . . . . 1 4 1 . . Ballistic Gun 5 | 2 . . 2 . . . 1 . . . . Ballistic Cannon . | . . . . . . . . . . . . Launcher 2 | . . . . . . 1 . 1 . . . Special Weapon . | . . . . . . . . . . . . Impact Weapon . | . . . . . . . . . . . . Slashing Weapon . | . . . . . . . . . . . . Piercing Weapon . | . . . . . . . . . . . . Special Melee Weapon 2 | . . . . . . . 1 . . . 1 Unidentified Prototypes 2 | . . . 1 . . . 1 . . . . Parts Lost 28 | . 4 2 . . . . 1 8 3 . 10 Power 3 | . . 1 . . . . . 1 . . 1 Propulsion 13 | . 2 . . . . . . 4 2 . 5 Utility 8 | . 1 . . . . . 1 2 1 . 3 Weapon 4 | . 1 1 . . . . . 1 . . 1 Highest Loss Streak 9 | . 2 1 . . . . 1 2 1 . 9 To Critical Strikes 1 | . . . . . . . . 1 . . . Average Backups 20 | 2 7 10 16 25 25 25 24 24 21 24 24 Power 1 | . 1 2 2 2 2 2 2 2 1 1 1 Propulsion 3 | 1 1 2 5 8 7 6 6 3 . 2 2 Utility 8 | . 1 3 2 2 3 4 6 12 13 13 13 Weapon 6 | . 1 2 4 11 11 11 9 6 4 5 5 Tool/Special . | . . . . . . . . . . . . Unused Backups 39 | . . 1 2 3 . 1 8 10 3 . 11 Power 3 | . . . . 1 . . 2 . . . . Propulsion 2 | . . 1 . . . . . 1 . . . Utility 22 | . . . 1 1 . . 4 5 2 . 9 Weapon 11 | . . . 1 1 . . 2 4 1 . 2 Tool/Special 1 | . . . . . . 1 . . . . . Average Slot Usage (%) 94 | . 95 98 87 100 100 100 98 97 87 83 89 Engine 8 | . 5 2 11 11 11 11 8 7 9 9 15 Core 1 | . 8 10 . . . . . 1 . . . Treads 6 | . 19 28 15 . . 13 . 3 . . . Wheel 13 | . 7 . 6 22 22 8 17 14 15 15 14 Device 17 | . 11 14 11 11 11 11 12 25 20 20 16 Storage 9 | . 14 14 11 11 11 11 9 9 8 7 7 Processor 5 | . . . 9 11 11 11 9 6 . . . Hackware 1 | . . . . . . . . . 6 7 12 Protection 8 | . . . . 11 11 11 21 10 9 7 6 Energy Gun 3 | . 17 27 5 . . . . . . . . Energy Cannon 7 | . . . . . . . . 16 16 15 10 Ballistic Gun 8 | . 10 . 16 22 22 21 17 1 . . . Peak Build Rating 43 | 6 11 11 20 23 23 27 32 43 40 42 42 Average Rating 28 | 4 8 9 17 21 22 25 28 36 36 39 40 On Entrance 22 | . 6 11 8 19 23 23 27 32 39 37 42 Avg Prop Armor Cover (%) 9 | . 9 . . . . . . . . . . Naked Turns . | . . . . . . . . . . . . Heaviest Build 139 | 11 31 28 93 100 100 100 110 131 129 139 139 Greatest Support 40 | 40 40 40 40 26 26 40 20 40 40 20 20 Greatest Overweight (x) 40 | . 2 . 3 3 3 3 5 12 40 6 12 Average Overweight (x) 4 | . . . . 3 3 2 4 5 5 6 6 Largest Inventory Capacity 25 | 8 15 15 25 25 25 25 25 25 25 25 25 Average Capacity 22 | 6 14 15 17 25 25 25 25 25 22 25 25 Most Carried 25 | 3 11 13 25 25 25 25 25 25 25 25 25 Average Carried 21 | 2 7 10 16 24 24 24 24 24 21 24 23 Final Capacity 25 | 8 15 15 25 25 25 25 25 25 25 25 25 Final Carried 25 | 3 11 12 25 25 25 25 25 25 25 25 20 Class Distribution -------------------- 76% | Mutant 22% | Bothacker-Mutant Dominant Class ---------------- Mutant | -10/Materials Mutant | -10/Mines Mutant | -9/Materials Mutant | -9/Mines Mutant | -9/Exiles Mutant | -8/Mines Mutant | -8/Materials Mutant | -8/Garrison Bothacker-Mutant | -8/Materials Bothacker-Mutant | -7/Factory Bothacker-Mutant | -7/Garrison Resources | -11 -10 -10 -9 -9 -9 -8 -8 -8 -8 -7 -7 ----------- Run | Yrd Mat Min Mat Min Exi Min Mat Gar Mat Fac Gar Matter Collected 2602 | 176 330 25 162 68 . 76 638 578 434 50 65 Remotely . | . . . . . . . . . . . . Salvage Created 5077 | . 515 228 362 147 . 127 969 1288 1290 96 55 Parts 268 | . 25 17 14 9 . 16 60 64 57 6 . Haulers Intercepted 4 | . . . 1 . . . 3 . . . . Recyclers Shooed 1 | . . . . . . 1 . . . . . Parts Field Recycled . | . . . . . . . . . . . . Retrieved Matter . | . . . . . . . . . . . . Parts Self-Destructed . | . . . . . . . . . . . . Prevented . | . . . . . . . . . . . . Parts Restored . | . . . . . . . . . . . . Kills | -11 -10 -10 -9 -9 -9 -8 -8 -8 -8 -7 -7 ------- Run | Yrd Mat Min Mat Min Exi Min Mat Gar Mat Fac Gar Combat Hostiles Destroyed 123 | . 14 11 7 3 . 10 15 33 28 1 1 Guns 60 | . 14 11 7 3 . 7 15 3 . . . Cannons 31 | . . . . . . . . 18 11 1 1 AOE 26 | . . . . . . 3 . 8 15 . . Classes Destroyed 14 | . 4 . 2 . . . 2 2 4 . . Worker 6 | . 1 . . 1 . . . . 3 1 . Builder 2 | . . . . . . . . . 2 . . Hauler 4 | . . . 1 . . . 3 . . . . Mechanic 2 | . . . . . . . . . 2 . . Operator 2 | . 1 . . . . . 1 . . . . Swarmer 28 | . 3 9 . . . 10 . 6 . . . Grunt 55 | . 11 2 6 3 . . 6 11 16 . . Brawler 5 | . . . . . . . . . 4 . 1 Duelist 11 | . . . . . . . 1 6 4 . . Protector 1 | . . . . . . . . . 1 . . Sentry 16 | . . . 1 . . . 7 4 3 1 . Specialist 3 | . . . . . . . . 3 . . . Hunter 1 | . . . . . . . 1 . . . . Programmer 3 | . . . . . . . . 3 . . . Best Kill Streak 14 | . 6 5 3 2 . 4 3 5 14 1 1 Combat Bots Only 11 | . 3 5 3 2 . 4 3 5 11 1 1 Max Kills in Single Turn 4 | . 1 2 1 1 . 2 1 3 4 1 1 Gunslinging 1 | . . 1 . . . . . . . . . Exploded 3 | . . . . . . 2 . 3 3 . . Melee . | . . . . . . . . . . . . Uniques/NPCs Destroyed . | . . . . . . . . . . . . Combat | -11 -10 -10 -9 -9 -9 -8 -8 -8 -8 -7 -7 -------- Run | Yrd Mat Min Mat Min Exi Min Mat Gar Mat Fac Gar Hostile Shots Fired 579 | . 88 40 37 3 . 42 55 118 118 . 78 Missed 152 | . 17 14 10 1 . 10 14 38 31 . 17 Hits 427 | . 71 26 27 2 . 32 41 80 87 . 61 Melee 5 | . . . . . . . 1 3 1 . . Projectile 422 | . 71 26 27 2 . 32 40 77 86 . 61 Critical Strikes 25 | . . . . . . . 4 8 6 . 7 Actively Blocked 1 | . . . . . . . 1 . . . . Part Disruptions 1 | . . . . . . . . 1 . . . Damage Taken 6014 | . 754 249 311 34 . 253 590 1527 1437 . 859 Core 844 | . 125 30 58 . . 48 62 171 267 . 83 Absorbed by Shields 408 | . . . . . . . 52 228 60 . 68 Redirected to Shielding 8 | . . . . . . . 8 . . . . Ignored by Resistances 20 | . . . . . . . . 20 . . . Core Remaining (%) 55 | 100 . 38 . . . 73 . . 9 . . Volleys Fired 339 | . 57 30 16 6 . 15 55 84 54 6 16 Largest 2 | . 2 2 2 2 . 2 2 2 2 2 2 Hottest 160 | . 105 105 80 50 . 50 80 148 160 160 160 Shots Fired 626 | . 115 61 32 12 . 27 109 153 91 9 17 Gun 373 | . 115 61 32 12 . 24 108 21 . . . Cannon 231 | . . . . . . . 1 123 81 9 17 Launcher 22 | . . . . . . 3 . 9 10 . . Special . | . . . . . . . . . . . . Kinetic 231 | . 48 . 18 12 . 24 108 21 . . . Thermal 373 | . 67 61 14 . . . 1 123 81 9 17 Explosive 22 | . . . . . . 3 . 9 10 . . Electromagnetic . | . . . . . . . . . . . . Robot Hit Streak 19 | . 15 7 12 15 . 6 13 19 13 4 8 Robot Miss Streak 4 | . 4 2 2 1 . 3 2 2 3 1 1 Penetration Max . | . . . . . . . . . . . . Secondary Targets 13 | . 3 2 1 1 . 3 3 . . . . Max Gunslinging Chain 1 | . 1 1 1 1 . 1 1 . . . . Shots Hit Robots 446 | . 71 40 26 8 . 17 82 111 63 5 23 Core Hits 222 | . 30 15 10 4 . 10 32 53 63 3 2 Critical Kills 4 | . . . . . . . 1 1 2 . . Critical Parts Destroyed 1 | . 1 . . . . . . . . . . Critical Strikes 5 | . 1 . . . . . 1 1 2 . . Meltdown 3 | . . . . . . . . 1 2 . . Destroy 2 | . 1 . . . . . 1 . . . . Melee Attacks 25 | . . . . . . . 2 . 7 . 16 Impact . | . . . . . . . . . . . . Slashing . | . . . . . . . . . . . . Piercing . | . . . . . . . . . . . . Sneak Attacks 11 | . . . . . . . 2 . 5 . 4 Combat Hostiles . | . . . . . . . . . . . . Follow-up Attacks . | . . . . . . . . . . . . Damage Inflicted 10961 | . 905 445 415 151 . 569 1362 3654 3021 133 306 Guns 3836 | . 905 445 415 151 . 318 1362 240 . . . Cannons 3982 | . . . . . . . . 2231 1312 133 306 Explosions 3143 | . . . . . . 251 . 1183 1709 . . Melee . | . . . . . . . . . . . . Ramming . | . . . . . . . . . . . . Kinetic 2585 | . 244 . 270 151 . 318 1362 240 . . . Thermal 5233 | . 661 445 145 . . . . 2231 1312 133 306 Explosive 3143 | . . . . . . 251 . 1183 1709 . . Electromagnetic . | . . . . . . . . . . . . Impact . | . . . . . . . . . . . . Slashing . | . . . . . . . . . . . . Piercing . | . . . . . . . . . . . . Highest Corruption 2 | . 2 2 . . . . . 1 1 . . Average Corruption 1 | . 1 2 . . . . . 1 1 . . Corruption Purged . | . . . . . . . . . . . . Corruption Blocked . | . . . . . . . . . . . . Effects 31 | . 11 6 . . . . . 7 7 . . Message Errors 6 | . 2 1 . . . . . 2 1 . . Matter Fused 7 | . 3 . . . . . . 2 2 . . Heat Flow Errors 4 | . 2 . . . . . . 1 1 . . Energy Discharges 3 | . 1 2 . . . . . . . . . Parts Rejected 2 | . 1 . . . . . . . 1 . . Parts Fused 1 | . . 1 . . . . . . . . . Data Loss (minor) 2 | . . 1 . . . . . 1 . . . Data Loss (major) 1 | . . . . . . . . . 1 . . Misfires 2 | . 1 1 . . . . . . . . . Alerts 1 | . 1 . . . . . . . . . . Weapon Failures 2 | . . . . . . . . 1 1 . . Overload Shots . | . . . . . . . . . . . . Overflow Damage 138 | . . . . . . . . 89 34 . 15 Projectiles 82 | . . . . . . . . 57 10 . 15 Explosions 56 | . . . . . . . . 32 24 . . Melee . | . . . . . . . . . . . . Knockbacks . | . . . . . . . . . . . . Impact . | . . . . . . . . . . . . Kinetic . | . . . . . . . . . . . . Secondary . | . . . . . . . . . . . . Self-Inflicted Damage 171 | . . . . . . . . 71 100 . . Shots 6 | . . . . . . . . 3 3 . . Rammed . | . . . . . . . . . . . . Targets Rammed . | . . . . . . . . . . . . Kicked . | . . . . . . . . . . . . Crushed . | . . . . . . . . . . . . Highest Temperature 472 | . 290 42 12 3 . . 38 224 472 12 311 Average Temperature 74 | . 97 9 7 3 . . 19 46 113 8 90 Received Heat Transfer 2417 | . 309 51 156 18 . . 282 293 764 . 544 Effects 2 | . 1 . . . . . . . . . 1 Energy Bleed 1 | . 1 . . . . . . . . . . Interference 1 | . . . . . . . . . . . 1 Siege Activations . | . . . . . . . . . . . . Martial Activations . | . . . . . . . . . . . . Shielding Activations . | . . . . . . . . . . . . Robots Disrupted . | . . . . . . . . . . . . Combat Hostiles . | . . . . . . . . . . . . Robots Corrupted . | . . . . . . . . . . . . Combat Hostiles . | . . . . . . . . . . . . Parts Fried . | . . . . . . . . . . . . Impact Corruptions . | . . . . . . . . . . . . Robots Melted 6 | . . . . . . . . 4 2 . . Combat Hostiles 6 | . . . . . . . . 4 2 . . Parts Melted 30 | . 5 2 . . . . . 13 8 1 1 Heat Transferred 10103 | . 1440 1012 300 . . . . 3951 2550 250 600 Parts Sabotaged . | . . . . . . . . . . . . Parts Stolen . | . . . . . . . . . . . . Parts Stripped . | . . . . . . . . . . . . Power Chain Reactions . | . . . . . . . . . . . . Alert | -11 -10 -10 -9 -9 -9 -8 -8 -8 -8 -7 -7 ------- Run | Yrd Mat Min Mat Min Exi Min Mat Gar Mat Fac Gar Maximum Alert Level 4 | . . . . . . . . 4 4 2 1 Low Security (%) 52 | 100 100 100 100 100 . 100 100 13 . . 7 Level 1 12 | . . . . . . . . 26 . 8 92 Level 2 17 | . . . . . . . . 20 52 91 . Level 3 13 | . . . . . . . . 31 33 . . Level 4 4 | . . . . . . . . 8 14 . . Level 5 . | . . . . . . . . . . . . High Security . | . . . . . . . . . . . . Max Security . | . . . . . . . . . . . . Peak Influence 1266 | . 105 131 189 40 . 121 134 1266 1146 502 356 Initial 616 | . . 21 35 34 . . 39 50 616 502 270 Average 345 | . 52 72 115 9 . 44 71 581 794 444 277 Influence Increases 4259 | . 390 260 341 65 . 271 447 1336 953 35 161 Destroy 0b10 Robot/C 2560 | . 280 220 140 60 . 200 300 720 540 20 80 Destroy 0b10 Robot/NC 85 | . 10 . 5 5 . . 20 . 40 5 . Destroy Leader 448 | . 70 40 42 . . 30 106 30 100 10 20 Allied During Kill 39 | . . . . . . . . 12 . . 27 Successful Hack 72 | . . . 17 . . . 17 23 1 . 14 Select Force Hacks 60 | . . . 60 . . . . . . . . Disable Machine 75 | . 15 . . . . 15 . 15 30 . . Anti-Garrison Action 500 | . . . . . . . . 350 150 . . Destroy Structure 195 | . . . 2 . . 26 4 81 62 . 20 Partial Spotted 15 | . . . . . . . . . 15 . . Lose Combat Pursuer 210 | . 15 . 75 . . . . 105 15 . . Influence Decreases 4128 | . 336 223 342 155 . 170 470 148 1114 753 417 Entered New Map 1605 | . . 33 56 56 . . 62 28 650 603 117 Time Decay 2003 | . 296 170 286 99 . 170 398 . 434 150 . Lost Part 280 | . 40 20 . . . . 10 80 30 . 100 Lost Ally 240 | . . . . . . . . 40 . . 200 Squads Dispatched 16 | . 4 . 3 1 . . 2 . 5 1 . Investigation 7 | . 2 . 3 1 . . 1 . . . . Extermination . | . . . . . . . . . . . . Reinforcement 4 | . 2 . . . . . 1 . 1 . . Assault 4 | . . . . . . . . . 4 . . Garrison 1 | . . . . . . . . . . 1 . Intercept . | . . . . . . . . . . . . Searches Triggered . | . . . . . . . . . . . . Construction Impeded 1 | . . . . . . . . . 1 . . Haulers Reinforced . | . . . . . . . . . . . . Active Scanning Responses . | . . . . . . . . . . . . Cargo Convoy Interrupts . | . . . . . . . . . . . . Stealth | -11 -10 -10 -9 -9 -9 -8 -8 -8 -8 -7 -7 --------- Run | Yrd Mat Min Mat Min Exi Min Mat Gar Mat Fac Gar Distress Signals 7 | . 1 1 1 . . . 3 . 1 . . Communications Jammed . | . . . . . . . . . . . . Distress Signals . | . . . . . . . . . . . . Times Spotted 200 | . 26 10 19 8 . 11 25 44 37 1 19 Peak Tracking Total 15 | . 4 2 4 15 . 4 6 6 5 1 8 Tactical Retreats 14 | . 1 . 5 . . . . 7 1 . . Traps | -11 -10 -10 -9 -9 -9 -8 -8 -8 -8 -7 -7 ------- Run | Yrd Mat Min Mat Min Exi Min Mat Gar Mat Fac Gar Traps Triggered 22 | . 6 . . . . . 1 14 . . 1 Indirectly . | . . . . . . . . . . . . Trap Hack Attempts . | . . . . . . . . . . . . Triggered . | . . . . . . . . . . . . Disarmed . | . . . . . . . . . . . . Reprogrammed . | . . . . . . . . . . . . Reused . | . . . . . . . . . . . . Traps Extracted . | . . . . . . . . . . . . Installed . | . . . . . . . . . . . . Triggered . | . . . . . . . . . . . . Machines | -11 -10 -10 -9 -9 -9 -8 -8 -8 -8 -7 -7 ---------- Run | Yrd Mat Min Mat Min Exi Min Mat Gar Mat Fac Gar Machines Disabled 7 | . 1 . . . . 1 . 2 3 . . Max in Single Turn 1 | . 1 . . . . 1 . 1 1 . . Garrison Access 1 | . . . . . . . . . 1 . . Garrison Relay 1 | . . . . . . . . 1 . . . Machines Repaired . | . . . . . . . . . . . . Machines Dismantled . | . . . . . . . . . . . . Machines Sabotaged . | . . . . . . . . . . . . Overloaded Fab Kills . | . . . . . . . . . . . . Hacking | -11 -10 -10 -9 -9 -9 -8 -8 -8 -8 -7 -7 --------- Run | Yrd Mat Min Mat Min Exi Min Mat Gar Mat Fac Gar Machines Accessed 26 | . 3 . 6 1 1 . 5 3 4 1 2 Terminals 17 | . 3 . 4 . . . 3 3 2 . 2 Fabricators . | . . . . . . . . . . . . Repair Stations . | . . . . . . . . . . . . Recycling Units 3 | . . . 2 . . . . . 1 . . Scanalyzers 2 | . . . . . . . 1 . 1 . . Garrison Access 2 | . . . . . . . 1 . . 1 . Total Hacks 54 | . 8 . 14 1 1 . 11 6 8 1 4 Successful 31 | . 4 . 9 1 1 . 9 2 2 1 2 Failed 22 | . 3 . 5 . . . 2 4 6 . 2 Catastrophic 3 | . . . . . . . 1 . 1 . 1 Database Lockouts 1 | . 1 . . . . . . . . . . Manual 31 | . 6 . 13 . 1 . 7 . 4 . . Terminals 41 | . 8 . 12 . . . 7 6 4 . 4 Fabricators . | . . . . . . . . . . . . Repair Stations . | . . . . . . . . . . . . Recycling Units 5 | . . . 2 . . . . . 3 . . Scanalyzers 4 | . . . . . . . 3 . 1 . . Garrison Access 2 | . . . . . . . 1 . . 1 . Terminal Hacks 13 | . 1 . 4 1 1 . 2 2 . . 2 Robot Analysis 6 | . 1 . 3 . . . 2 . . . . Open Door 3 | . . . . 1 . . . 1 . . 1 Branch Access Points 1 | . . . 1 . . . . . . . . Emergency Access Points 1 | . . . . . . . . . . . 1 Security Stations 1 | . . . . . . . . 1 . . . Proto ID Catalog 1 | . . . . . 1 . . . . . . Fabricator Hacks . | . . . . . . . . . . . . Repair Station Hacks . | . . . . . . . . . . . . Recycling Unit Hacks . | . . . . . . . . . . . . Scanalyzer 4 | . . . . . . . 3 . 1 . . Retrieve Study 4 | . . . . . . . 3 . 1 . . Garrison Access Hacks 2 | . . . . . . . 1 . . 1 . Unlock Access 2 | . . . . . . . 1 . . 1 . Unauthorized Hacks 12 | . 3 . 5 . . . 3 . 1 . . Terminals 10 | . 3 . 3 . . . 3 . 1 . . Botnet 10 | . 3 . 3 . . . 3 . 1 . . Fabricators . | . . . . . . . . . . . . Repair Stations . | . . . . . . . . . . . . Recycling Units 2 | . . . 2 . . . . . . . . Tunnel 2 | . . . 2 . . . . . . . . Scanalyzers . | . . . . . . . . . . . . Garrison Access . | . . . . . . . . . . . . Data Cores Recovered . | . . . . . . . . . . . . Used . | . . . . . . . . . . . . Hacking Detections 15 | . 2 . 4 . . . 2 2 3 1 1 Full Trace Events 1 | . . . 1 . . . . . . . . Feedback Events . | . . . . . . . . . . . . Feedback Blocked . | . . . . . . . . . . . . Robot Schematics Acquired . | . . . . . . . . . . . . Robots Built . | . . . . . . . . . . . . Authchips . | . . . . . . . . . . . . Time . | . . . . . . . . . . . . Total Robot Build Rating . | . . . . . . . . . . . . Part Schematics Acquired . | . . . . . . . . . . . . Parts Built . | . . . . . . . . . . . . Authchips . | . . . . . . . . . . . . Time . | . . . . . . . . . . . . Total Part Build Rating . | . . . . . . . . . . . . Part Studies Acquired 4 | . . . . . . . 3 . 1 . . Parts Repaired . | . . . . . . . . . . . . Time . | . . . . . . . . . . . . Parts Recycled . | . . . . . . . . . . . . Recycled Matter . | . . . . . . . . . . . . Retrieved Matter . | . . . . . . . . . . . . Retrieved Components . | . . . . . . . . . . . . Parts Scanalyzed . | . . . . . . . . . . . . Part Schematics Acquired . | . . . . . . . . . . . . Parts Damaged . | . . . . . . . . . . . . Bothacking | -11 -10 -10 -9 -9 -9 -8 -8 -8 -8 -7 -7 ------------ Run | Yrd Mat Min Mat Min Exi Min Mat Gar Mat Fac Gar Used RIF Installer 1 | . . . . . . . . 1 . . . Robots Hacked 11 | . . . . . . . 1 . 3 . 7 Non-combat 4 | . . . . . . . 1 . 3 . . Combat 7 | . . . . . . . . . . . 7 Robot Hacks Applied 14 | . . . . . . . 2 . 5 . 7 parse_system 3 | . . . . . . . 1 . 2 . . no_distress 2 | . . . . . . . 1 . 1 . . drop_inventory 1 | . . . . . . . . . 1 . . ignore_parts 1 | . . . . . . . . . 1 . . overwrite_iff 5 | . . . . . . . . . . . 5 formatsys_high 2 | . . . . . . . . . . . 2 Relay Couplers Released 7 | . . . . . . . . 5 2 . . Machine Destruction 7 | . . . . . . . . 5 2 . . Attached 4 | . . . . . . . . . 1 . 3 Fabnet Peak Effective % . | . . . . . . . . . . . . Robots Rewired 5 | . . . . . . . . 2 . . 3 Allies Hacked . | . . . . . . . . . . . . Hacks Repelled . | . . . . . . . . . . . . Allies | -11 -10 -10 -9 -9 -9 -8 -8 -8 -8 -7 -7 -------- Run | Yrd Mat Min Mat Min Exi Min Mat Gar Mat Fac Gar Total Allies 12 | . . . . . . . . 2 . . 10 Largest Group 5 | . . . . . . . . 2 . . 5 Highest-Rated Group 127 | . . . . . . . . 56 . . 127 Highest-Rated Ally 39 | . . . . . . . . 31 . . 39 Total Orders . | . . . . . . . . . . . . Ally Attacks 55 | . . . . . . . . 24 . . 31 Total Damage 814 | . . . . . . . . 356 . . 458 Kills 6 | . . . . . . . . 3 . . 3 Allies Corrupted 1 | . . . . . . . . . . . 1 Allies Melted . | . . . . . . . . . . . . Intel | -11 -10 -10 -9 -9 -9 -8 -8 -8 -8 -7 -7 ------- Run | Yrd Mat Min Mat Min Exi Min Mat Gar Mat Fac Gar Active Infowar (turns) . | . . . . . . . . . . . . Robot Analysis Total 6 | . 1 . 3 . . . 2 . . . . Derelict Logs Recovered 2 | . . 1 . 1 . . . . . . . Drone Launches . | . . . . . . . . . . . . Drone Recoveries . | . . . . . . . . . . . . Exploration | -11 -10 -10 -9 -9 -9 -8 -8 -8 -8 -7 -7 ------------- Run | Yrd Mat Min Mat Min Exi Min Mat Gar Mat Fac Gar Turns Passed 7834 | 54 819 341 628 416 294 390 949 2233 1067 307 336 Spaces Moved 3690 | 40 366 151 322 261 217 158 457 974 425 155 164 Core 7 | 1 . . . . . . . . 6 . . Treads 785 | 6 251 151 217 . . 70 . 80 10 . . Legs . | . . . . . . . . . . . . Wheels 2898 | 33 115 . 105 261 217 88 457 894 409 155 164 Hover . | . . . . . . . . . . . . Flight . | . . . . . . . . . . . . Fastest Speed 50 | 50 95 160 135 135 135 135 140 145 100 160 145 Average Speed 163 | 100 157 160 158 135 135 221 146 179 171 160 162 Slowest Speed 2050 | 160 240 160 170 135 135 330 155 410 2050 160 250 Overloaded Moves . | . . . . . . . . . . . . Propulsion Burnouts . | . . . . . . . . . . . . Robots Hopped . | . . . . . . . . . . . . Potential Cave-ins . | . . . . . . . . . . . . Cave-ins Triggered . | . . . . . . . . . . . . Exploration Rate (%) 39 | 3 74 37 33 53 42 47 38 74 34 7 33 Regions Visited 11 Branch Regions 4 Pre-discovered Areas 3 | . . 1 2 . . . . . . . . Known Exits Taken 3 | . . . 1 . . . 1 . . 1 . Unknown Exits Taken 7 | 1 1 1 . 1 1 1 . . 1 . . Scrap Searched 3 | . . 1 . 1 . 1 . . . . . Spaces Dug 7 | . . . . . . . 1 . 6 . . Terrain Destroyed 193 | . . . . . . 32 1 83 77 . . Melee . | . . . . . . . . . . . . Projectile 23 | . . . . . . . 1 . 22 . . AOE 170 | . . . . . . 32 . 83 55 . . Terrain Rammed . | . . . . . . . . . . . . Walls Destroyed . | . . . . . . . . . . . . Machines Disabled . | . . . . . . . . . . . . Actions | -11 -10 -10 -9 -9 -9 -8 -8 -8 -8 -7 -7 --------- Run | Yrd Mat Min Mat Min Exi Min Mat Gar Mat Fac Gar Total 4950 | 50 496 191 420 322 218 183 673 1313 664 206 214 Wait 542 | . 47 5 47 43 . 3 117 118 122 39 1 Move 3681 | 39 365 150 321 260 216 157 457 973 424 155 164 Hop . | . . . . . . . . . . . . Pick Up 101 | 3 12 3 18 5 1 2 10 22 23 2 . Fast Attach 30 | 6 6 1 4 . . . 4 2 7 . . Attach 25 | . 5 1 1 . . . 1 8 2 2 5 Detach . | . . . . . . . . . . . . Swap 81 | 2 3 . 4 2 . 4 12 33 16 1 4 Drop 69 | . 1 1 9 6 1 2 15 24 9 1 . Fire 339 | . 57 30 16 6 . 15 55 84 54 6 16 Melee 25 | . . . . . . . 2 . 7 . 16 Ram . | . . . . . . . . . . . . Kick . | . . . . . . . . . . . . Crush . | . . . . . . . . . . . . Escape Stasis 48 | . . . . . . . . 40 . . 8 Rewire 9 | . . . . . . . . 9 . . . Trap . | . . . . . . . . . . . . Miscellaneous . | . . . . . . . . . . . . Route ------- -11/Scrapyard -10/Materials (discovered 4 exits: *Mat x2 / [*Min x2]) -10/Mines -9/Materials (discovered 3 exits: *Min / *Sto x2) -9/Mines (discovered 3 exits: *Mat / *Exi / [*Zio]) -9/Exiles -8/Mines -8/Materials (discovered 2 exits: *Fac / Gar) -8/Garrison (discovered 3 exits: *Mat x3) -8/Materials -7/Factory -7/Garrison History --------- Turn | Location | Event 26 | -11/Scrapyard | Discovered new exit (range 15) 55 | -11/Scrapyard | Entered Materials 74 | -10/Materials | Discovered new exit (range 16) 175 | -10/Materials | Discovered new exit (range 4) 236 | -10/Materials | Central database locked down 313 | -10/Materials | Build established: Mutant 399 | -10/Materials | Discovered new exit (range 12) 683 | -10/Materials | Discovered new exit (range 3) 874 | -10/Materials | Entered Mines 879 | -10/Mines | Core integrity fell below 50% 960 | -10/Mines | Received a Rocket Launcher from a helpful Derelict 1175 | -10/Mines | Discovered new exit (range 5) 1215 | -10/Mines | Entered Materials 1215 | -9/Materials | Evolved 2 slots: Utility x2 1382 | -9/Materials | Discovered new exit (range 15) 1394 | -9/Materials | Identified exit to Mines 1394 | -9/Materials | Identified exit to Storage 1843 | -9/Materials | Entered Mines 1865 | -9/Mines | A Derelict revealed a hidden shortcut to a safe place 1880 | -9/Mines | Met a Derelict bent on vengeance 1889 | -9/Mines | Discovered new exit (range 5) 1908 | -9/Mines | Met a Derelict shopkeep closing up shop 2103 | -9/Mines | Assembled infested the area 2118 | -9/Mines | Met 8R-AWN 2180 | -9/Mines | Learned 2 Materials zone layouts 2254 | -9/Mines | Discovered new exit (range 5) 2259 | -9/Mines | Entered Exiles 2291 | -9/Exiles | Welcomed by 8R-AWN 2316 | -9/Exiles | Met EX-HEX 2354 | -9/Exiles | Met EX-BIN 2370 | -9/Exiles | Aligned with FarCom system 2372 | -9/Exiles | Given EX-Vault access code 2403 | -9/Exiles | Opened EX-Vault 2411 | -9/Exiles | Found Superbattery 2442 | -9/Exiles | Warned to stay clear of 0b10 Research branches 2505 | -9/Exiles | Learned about 8R-AWN's background 2535 | -9/Exiles | Discovered new exit (range 14) 2553 | -9/Exiles | Left Exiles lab with Superbattery 2553 | -9/Exiles | Entered Mines 2882 | -8/Mines | Discovered new exit (range 14) 2943 | -8/Mines | Entered Materials 2943 | -8/Materials | Evolved 2 slots: Utility x2 3796 | -8/Materials | Discovered new exit (range 5) 3892 | -8/Materials | Identified exit to Garrison 3892 | -8/Materials | Entered Garrison 3944 | -8/Garrison | Triggered checkpoint 4240 | -8/Garrison | Triggered checkpoint 4430 | -8/Garrison | Triggered checkpoint 4462 | -8/Garrison | Triggered checkpoint 4499 | -8/Garrison | Discovered new exit (range 14) 4690 | -8/Garrison | Discovered new exit (range 13) 4934 | -8/Garrison | Triggered checkpoint 5036 | -8/Garrison | Learned Materials security intel 5174 | -8/Garrison | Triggered checkpoint 5313 | -8/Garrison | Discovered new exit (range 10) 5390 | -8/Garrison | Triggered checkpoint 5937 | -8/Garrison | Installed Relay Interface Framework 5996 | -8/Garrison | Triggered checkpoint 6079 | -8/Garrison | Garrison Relay disabled 6125 | -8/Garrison | Entered Materials 6232 | -8/Materials | Build established: Bothacker-Mutant 6525 | -8/Materials | First assault squad dispatched 6681 | -8/Materials | Core integrity fell below 50% 6740 | -8/Materials | Destroyed 11 combat bots 7028 | -8/Materials | Core integrity fell below 20% 7162 | -8/Materials | Discovered new exit (range 4) 7192 | -8/Materials | Entered Factory 7192 | -7/Factory | Evolved 2 slots: Power x1, Utility x1 7352 | -7/Factory | Garrison activated, responded to threat 7499 | -7/Factory | Identified exit to Garrison 7499 | -7/Factory | Entered Garrison 7533 | -7/Garrison | Triggered checkpoint 7765 | -7/Garrison | Triggered checkpoint 7767 | -7/Garrison | Triggered checkpoint 7805 | -7/Garrison | Triggered checkpoint 7834 | -7/Garrison | Lost 9 allies 7835 | -7/Garrison | Self-destructed Last Messages --------------- 07814_ B-48 Gladiator heat damages Mace, Lgt. Treads, Rnf. Deuterium Engine. 07814_ Critical hit (Burn: +37). 07814_ B-48 Gladiator overheating. 07815_ Hrd. Heavy Armor Plating destroyed. 07815_ B-48 Gladiator overheating. 07815_ B-48 Gladiator destroyed. 07819_ Overheating: System interference. 07819_ Imp. Heat Sink temporarily disabled. 07821_ Wheel+ destroyed. 07822_ Critical hit (Burn: +37). Garrison Door activated. 07833_ Cld. Ion Engine destroyed. 07833_ Jacked G-47 Trooper... >>overwrite_iff Rewriting IFF filter. 07834_ G-47 Trooper destroyed. 07834_ Relay Coupler [Grunt] destroyed. 07835_ Plasma Cannon destroyed. 07835_ Wheel+ destroyed. Map ----- +----------------------------------------------------+ | ????????????????????# #?????# #???????????????? | | ????????????????????# #?????### #???????????????? | | ????????????????????# #+####### ################# | | ????????????????????# | | ???????????????????## ^ | | ???????????????????#T ^ | | ???????????????????## #######=+################# | | ????????????????????# #?????#=%#???????????????? | | +??+????????????????# #?????#%[#??########?????? | | ??????????+?????????# ####### #??"""""""""????? | | ????????????????????# " #??!!!!!!"""????? | | ??????????????####??# ####### #? ""#???? | | ??????????#???# %?# #?????# #? !"#???? | | ?????????## ## ## *%#?????# #? !"#???? | | ?????+???# %= ]*####### ## !"#???? | | #??????? % = %*=%! !"#???? | | ???????? /%=+! ""#???? | | ????????## ## ##%%%###########"!!!!!!"""#???? | | ?????????# ## ##/!=###????????""""""""""????? | | ???????? *%==%[#?????????########?????? | | ???????? [%%* #??????????????????????? | | ???????? %= #??????????????????????? | | ???????+ #??????????????????????? | | ?????????# ## ## g ###??????????????????????? | | ?????????# ??# ## g ###########??????????????? | | ?????????# g %@ #??????????????? | | ?????????+ = ^ #??????????????? | | ?????????# sss s ###+#### #??????????????? | | ?????????## ## ##+###????????????????????????? | | ??????????# ??# ????????????????????????????????? | | ??????????#??????????????????????????????????????? | | ?????????????????????????????????????????????????? | | ??????????+????????????????????+??+??????????????? | | ?????????????????????????????????????????????????? | | ?????????????????????????????????????????????????? | | ?????????????????????????????????????????????????? | | ?????????????????????????????????????????????????? | | ?????+?????????????????????+?????????????????????? | | ?????????????????????????????????????????????????? | | ???????????????????????????????????????+?????????? | | ?????+???????????????????????????????????????????? | | ?????????????????????????????????????????????????? | | ??????????????????????????g?????+????????????+???? | | ???????????????????????+???+?????????????????????? | | ??+??????????????????????????????????????????????? | | ?????????????????????????????????????????????????? | | ?????????????????????????????????????????????????? | | ????????????????????????????????????/????????????? | | ??????????????????????????????+????+??+??????????? | | ?????????????????????????????????????????????????? | +----------------------------------------------------+ Best States ------------- Heat Dissipation 62 Energy Generation 21 Energy Capacity 445 Matter Stores 300 Matter Capacity 300 Sight Range 16 Terrain Scan Density 10 Armor Coverage 600 Resistance: KI 30 Core Shielding 20 Evasion (%) 42 Targeting Accuracy 8 Recoil Reduction 2 Relay Coupler Types 2 Relay Coupler Value 52 Item Schematics ----------------- None Robot Schematics ------------------ None Fabricated ------------ Nothing Repaired ---------- Nothing Studied --------- Wheel | -8/Materials | Hacked Particle Cannon | -8/Materials | Hacked Rocket Launcher | -8/Materials | Hacked Hvy. Particle Cannon | -8/Materials | Hacked Alien Tech Used ----------------- None Achievements -------------- None Challenges ------------ None Game ------ Seed ZioniteTerrabombReplica Manual? 0 Play Time 00:57:56 Cumulative 237.4 hours Start 2026.08.14 @ 17:37:41 End 2026.08.14 @ 19:10:51 Sessions 3 Manual Loads 0 Difficulty Rogue Special Mode None Game No. 240 Rogue 186 Adventurer 54 Explorer 0 Win Type - Total 11 Types 7/0/1/1/0/0/0/1/0/1 Lore% 75 Gallery% 63 Achievement% 58 Wizard Run 0 Options --------- Layout 1 ASCII 0 Keyboard 0 Movement Mouse Keybinds 1 Fullscreen 2 Font 32/Tamsyn Map View 50x35 Zoom Use 0% Tactical HUD 1 Map Filters NONE Filters NONE Steam 1 RUN: 97cf1745-5928-4ab3-b582-14b2731f0307